 Dungeon Crawl Stone Soup version 0.24.1-14-gf8d2b509d9 (webtiles) character file.

Game seed: 2653608518515658311, levelgen mode: deterministic

60225 tkbsonic5 the Fighter (level 14, -8/103 HPs)
             Began as a Gargoyle Chaos Knight on Dec 29, 2022.
             Was the Champion of Jiyva.
             Killed by divine providence
             ... invoked by an orc priest
              (13 damage)
             ... on level 2 of the Orcish Mines on Jan 3, 2023.
             The game lasted 01:48:42 (17904 turns).

tkbsonic5 the Fighter (Gargoyle Chaos Knight)      Turns: 17904, Time: 01:48:42

Health: -8/103     AC: 34    Str: 26    XL:     14   Next: 98%
Magic:  20/20      EV: 12    Int: 10    God:    Jiyva [******]
Gold:   419        SH:  0    Dex: 15    Spells: 13/13 levels left

rFire    + . .     SeeInvis +   n - +6 quarterstaff (chaos)
rCold    + . .     Gourm    .   (shield currently unavailable)
rNeg     + . .     Faith    .   F - +7 chain mail "Rosedowu" {rC+ rCorr}
rPois    ∞         Spirit   .   (no helmet)
rElec    +         Reflect  .   r - +1 cloak
rCorr    +         Harm     .   d - +0 pair of gloves "Wehiam" {Str+6}
MR       ++...                  o - +0 pair of boots
Stlth    ..........             A - amulet of regeneration
HPRegen  0.67/turn              j - ring of see invisible
MPRegen  0.17/turn              Q - ring "Okhyur Coreg" {MR+ Stlth+}

@: no status effects
A: big wings, fangs 1, camouflage 1, clever 1, fire resistance 1, negative
energy resistance 1, robust 1, electricity resistance, unbreathing,
petrification resistance, rot immunity, MP-powered wands, AC +10
a: Fly, Request Jelly, Slimify, Cure Bad Mutation, Renounce Religion


You were on level 2 of the Orcish Mines.
You worshipped Jiyva.
Jiyva was exalted by your worship.
You were completely stuffed.

You visited 3 branches of the dungeon, and saw 23 of its levels.
You also visited: Sewer.

You collected 1340 gold pieces.
You spent 921 gold pieces at shops.

Inventory:

Hand Weapons
 n - a +6 quarterstaff of chaos (weapon)
 p - a +1 war axe of freezing
 t - a +2 flail of venom
 u - a +0 longbow
 D - a +2 great sword of protection
 I - a +1 triple sword
 O - the +2 hand crossbow of Ozir {elec, rElec rPois Str+8 Int-3}
   (You found it on level 6 of the Lair of Beasts)

   It charges the ammunition it shoots with electricity; occasionally upon a
   hit, such missiles may discharge and cause terrible harm.
   It affects your strength (+8).
   It affects your intelligence (-3).
   It insulates you from electricity.
   It protects you from poison.
 S - a +1 morningstar of crushing
Missiles
 b - 84 stones
 i - 46 poisoned darts (quivered)
 l - 83 bolts
 q - 145 arrows
 s - 7 atropa-tipped darts
 M - 19 sling bullets
Armour
 d - the +0 pair of gloves "Wehiam" (worn) {Str+6}
   (You bought it in a shop on level 11 of the Dungeon)

   It affects your strength (+6).
 h - a +2 pair of gloves
 o - a +0 pair of boots (worn)
 r - a +1 cloak (worn)
 F - the +7 chain mail "Rosedowu" (worn) {rC+ rCorr}
   (You found it on level 11 of the Dungeon)

   It protects you from cold.
   It provides partial protection from all sources of acid and corrosion.
 K - a +2 scale mail of positive energy
Jewellery
 a - an uncursed amulet of faith
 j - a ring of see invisible (left hand)
 A - an amulet of regeneration (around neck)
 G - a +4 ring of evasion
 Q - the ring "Okhyur Coreg" (right hand) {MR+ Stlth+}
   (You found it on level 6 of the Lair of Beasts)

   [ring of stealth]

   It affects your resistance to hostile enchantments.
   It makes you more stealthy.
Wands
 f - a wand of digging (5)
 k - a wand of random effects (20)
 C - a wand of flame (8)
Scrolls
 y - 2 scrolls of remove curse
Potions
 z - 4 potions of flight
 B - 2 potions of ambrosia
 E - 3 potions of curing
Miscellaneous
 w - a lamp of fire (inert)
 N - a crystal ball of energy
Comestibles
 c - 23 rations


   Skills:
 * Level 13.0 Fighting
 * Level 6.7 Long Blades
 - Level 6.4(7.8) Axes
 - Level 7.4(10.6) Maces & Flails
 * Level 9.6(10.6) Staves
 - Level 0.8 Bows
 + Level 4.6 Crossbows
 - Level 7.0 Throwing
 * Level 10.5 Armour
 + Level 6.6 Dodging
 + Level 8.1 Evocations


You had 13 spell levels left.
You didn't know any spells.
Your spell library contained the following spells:

 Spells                   Type           Power        Failure   Level  Hunger
 Animate Skeleton         Necr           N/A          87%         1    ##.....
 Apportation              Tloc           #.....       87%         1    ##.....
 Confusing Touch          Hex            #.....       87%         1    ##.....
 Magic Dart               Conj           #...         87%         1    ##.....
 Summon Small Mammal      Summ           #...         87%         1    ##.....
 Blink                    Tloc           N/A          95%         2    ###....
 Call Imp                 Summ           #.......     95%         2    ###....
 Slow                     Hex            #.......     95%         2    ###....
 Call Canine Familiar     Summ           #.......     99%         3    ####...
 Conjure Flame            Conj/Fire      #.......     99%         3    ####...
 Mephitic Cloud           Conj/Pois/Air  #.......     99%         3    ####...
 Summon Guardian Golem    Hex/Summ       #.......     99%         3    ####...
 Summon Ice Beast         Ice/Summ       #.......     100%        4    #####..
 Summon Lightning Spire   Summ/Air       #.......     100%        4    #####..


Dungeon Overview and Level Annotations

Branches:
Dungeon (15/15)            Temple (0/1) D:5            Lair (6/6) D:10
 Shoals (0/4) Lair:4       Spider (0/4) Lair:4        Slime (0/5) Lair:6
    Orc (2/2) D:12            Elf (0/3) Orc:2        Vaults (0/5) D:13
 Depths (0/5) D:15          Sewer (visited)

Altars:
Cheibriados
Dithmenos
Fedhas
Hepliaklqana
Okawaru
Qazlal
Sif Muna
Trog
Xom
Jiyva

Shops:
D:4 *   D:5 %   D:7 ?   D:11 [   Orc:2 %

Portals:
Ice
Cave: Orc:1

Annotations:
Orc:1 1 runed translucent door, Necsenou's ghost, journeyman GnWn
Orc:2 Saint Roka


Innate Abilities, Weirdness & Mutations

You are resistant to torment.
Your stone body is resilient. (AC +10)
You are immune to poison.
Your large and strong wings let you fly indefinitely.
You resist negative energy. (rN+)
You are resistant to electric shocks. (rElec)
You can survive without breathing.
You are immune to petrification.
You are immune to rotting.
You have very sharp teeth.
Your skin changes colour to match your surroundings (Stealth+).
Your mind is acute. (Int +2)
Your flesh is heat resistant. (rF+)
You are robust. (+10% HP)
You expend magic power (3 MP) to strengthen your wands.


Message History

The weapon returns to the orc warrior!
The orc sorcerer points at you and mumbles some strange words.
You resist with almost no effort. The troll bites you but does no damage.
The troll completely misses you. The troll claws you but does no damage.
The orc wizard gestures wildly while chanting.
The orc wizard blinks!
The orc warrior throws a boomerang.
The boomerang hits you but does no damage.
The weapon returns to the orc warrior!
The orc high priest invokes the aid of Beogh against you.
Beogh smites you!
* * * LOW HITPOINT WARNING * * *
The troll bites you but does no damage. The troll claws you!
* * * LOW HITPOINT WARNING * * *
The troll claws you but does no damage.
The orc wizard mumbles some strange words.
The orc wizard seems to speed up.
The orc priest calls down the wrath of Beogh upon you.
Beogh smites you!
You die...
Xom roars with laughter!

## #.### ## ....##
##. .....# ..
.....## .#.#....#
#........ ..
###@....... #...
#....##.##.
#...######oTo##....
....o....#......o...
o.....o..#.#C....#.#
o.oo...ooooo#o.o....
........o.o.........
.....§...o.......o.#
................##..


You could see a stone giant, an orc high priest, a troll, an orc sorcerer, an
orc warrior, an orc priest, 2 orc wizards and 3 orcs.

Vanquished Creatures
  An orc warlord (Orc:1)
  A stone giant (Orc:2)
  A dire elephant (D:15)
  6 hydras
  5 centaur warriors
  A dancing weapon (D:13)
  Urug (Lair:4)
  3 skeletal warriors (D:15)
  2 unseen horrors
  A flayed ghost (D:12)
  4 harpies
  A salamander (shapeshifter) (D:12)
  18 ugly things
  An orc sorcerer (Orc:2)
  A salamander (D:15)
  A wolf spider (D:15)
  3 manticores
  7 elephants (Lair:6)
  A black mamba (Lair:6)
  A merfolk siren (Lair:4)
  5 spiny frogs
  A gargoyle (D:12)
  A kobold demonologist (D:13)
  5 komodo dragons
  2 rime drakes
  A yaktaur (shapeshifter) (Lair:6)
  2 trolls (Orc:1)
  A polar bear (Lair:5)
  A harpy skeleton (D:12)
  2 hornets
  14 blink frogs
  11 hippogriffs
  A redback (D:7)
  A meliai zombie (D:13)
  16 orc warriors
  A shadow (D:12)
  5 wyverns
  A hog (shapeshifter) (D:14)
  29 yaks
  A golden eye (D:10)
  A wraith (D:13)
  2 hungry ghosts (D:9)
  A fire bat (D:5)
  A spatial vortex (D:12)
  Menkaure (D:7)
  2 basilisks
  5 vampire mosquitoes
  A steam dragon (D:13)
  2 wargs (Orc:2)
  A swamp worm (Lair:5)
  6 soldier ants
  10 porcupines
  5 water moccasins
  Duvessa (D:7)
  4 ice beasts
  2 hornet zombies
  3 phantoms
  3 black bears
  8 ogres
  2 sky beasts (D:9)
  9 crocodiles
  3 centaurs
  2 big kobolds (D:11)
  6 bullfrogs
  Blork the orc (D:5)
  Dowan (D:7)
  A wyvern skeleton (D:13)
  7 scorpions
  11 killer bees
  3 howler monkeys
  2 wights
  10 crimson imps
  2 bullfrog zombies
  4 centaur zombies
  6 hounds
  14 orc priests
  3 bullfrog skeletons
  28 orc wizards
  Crazy Yiuf (D:3)
  3 jellies
  Ijyb (D:4)
  5 centaur skeletons
  Natasha (twice) (D:4)
  3 iguanas
  16 worker ants
  A killer bee zombie (D:5)
  A hound zombie (D:5)
  Robin (D:1)
  4 gnolls
  12 adders
  A river rat (D:5)
  3 oozes (Sewer)
  3 adder skeletons
  11 worms
  A dart slug (D:1)
  8 leopard geckos
  62 orcs
  13 bats
  8 giant cockroaches
  17 goblins
  9 hobgoblins
  11 jackals
  14 kobolds
  6 quokkas
  3 ball pythons
  6 frilled lizards
  A quokka skeleton (D:8)
  8 rats
  A fungus (Lair:5)
571 creatures vanquished.

Vanquished Creatures (collateral kills)
  A hydra (Lair:5)
  A spiny frog (Lair:2)
  A komodo dragon (Lair:2)
  A hippogriff (Lair:2)
  2 yaks
  2 porcupines (Lair:2)
  A phantom (D:6)
  An ogre (D:8)
  3 wights (D:8)
  A bullfrog zombie (D:8)
  A crimson imp (D:8)
  A hound (D:7)
  Natasha (D:4)
  An ooze (Sewer)
  3 orcs
  A giant cockroach (Sewer)
  A hobgoblin (D:3)
23 creatures vanquished.

Vanquished Creatures (others)
  A centaur warrior (D:13)
  A dancing weapon (D:13)
  2 ugly things
  A manticore (D:12)
  2 elephants (Lair:6)
  A spiny frog (Lair:2)
  8 slime creatures
  A centaur skeleton (D:15)
  An efreet (D:12)
  Prince Ribbit (D:7)
  A blink frog (Lair:6)
  An orc warrior (D:9)
  A hog (shapeshifter) (D:15)
  A wraith (D:12)
  A basilisk (D:14)
  3 yaks (D:9)
  A water moccasin (D:11)
  An ice beast (D:13)
  A sky beast (D:15)
  An ogre (D:13)
  4 centaurs
  4 boggarts (D:13)
  A bullfrog (D:11)
  A wight (D:8)
  A killer bee (D:11)
  A crimson imp (D:15)
  A centaur zombie (D:11)
  45 jellies
  An orc priest (Orc:1)
  3 orc wizards
  A leopard gecko (D:11)
  19 orcs
  3 kobolds (D:11)
  18 fungi
  25 plants
159 creatures vanquished.

Grand Total: 753 creatures vanquished

Notes
Turn   | Place    | Note
-------+----------+-------------------------------------------
     0 | D:1      | tkbsonic5 the Gargoyle Chaos Knight began the quest for the
                  | Orb.
     0 | D:1      | Reached XP level 1. HP: 14/14 MP: 1/1
   385 | D:1      | Reached XP level 2. HP: 19/19 MP: 2/2
   570 | D:1      | Noticed a shapeshifter
   570 | D:1      | a dart slug changed into a shapeshifter
   570 | D:1      | Noticed a salamander
   570 | D:1      | a shapeshifter changed into a salamander
   572 | D:1      | XOM: butterfly on damage
   574 | D:1      | XOM: potion effect (heal wounds)
   575 | D:1      | Gained mutation: Your muscles are strong. (Str +2) [potion
                  | of mutation]
   575 | D:1      | Gained mutation: You are robust. (+10% HP) [potion of
                  | mutation]
   575 | D:1      | Gained mutation: You are partially covered in yellow
                  | scales. (AC +2) [potion of mutation]
   577 | D:1      | XOM: cast spell 'Call Canine Familiar'
   684 | D:1      | XOM: harmless Erth miscast
   685 | D:1      | XOM: silly message
   852 | D:2      | Found a blossoming altar of Fedhas.
   869 | D:2      | Noticed Robin
   899 | D:1      | Reached XP level 3. HP: 16/26 MP: 3/3
  1032 | D:1      | XOM: divination: detect creatures
  1070 | D:1      | Killed Robin
  1070 | D:1      | Reached skill level 4 in Fighting
  1169 | D:2      | Reached XP level 4. HP: 30/31 MP: 4/4
  1396 | D:2      | XOM: harmless Summ miscast
  1399 | D:2      | Found a faded altar of an unknown god.
  1407 | D:2      | XOM: cloud trail
  1716 | D:3      | Found a stormy altar of Qazlal.
  1872 | D:3      | XOM: divination: magic mapping
  1935 | D:3      | XOM: harmless Chrm miscast
  1936 | D:3      | XOM: silly message
  2052 | D:3      | Noticed an ogre
  2093 | D:3      | XOM: potion effect (agility)
  2109 | D:3      | XOM: divination: detect items
  2125 | D:3      | Killed an ogre
  2125 | D:3      | Reached skill level 1 in Throwing
  2125 | D:3      | Reached XP level 5. HP: 37/37 MP: 5/5
  2235 | D:3      | Found a runed translucent door.
  2239 | D:3      | Noticed Crazy Yiuf
  2658 | D:3      | Killed Crazy Yiuf
  2658 | D:3      | Reached skill level 1 in Evocations
  2737 | D:4      | Noticed Natasha
  2749 | D:4      | Killed Natasha
  2767 | D:4      | Reached XP level 6. HP: 44/44 MP: 6/6
  2778 | D:4      | Found a bloodstained altar of Trog.
  2878 | D:4      | Reached skill level 5 in Fighting
  2884 | D:4      | XOM: potion effect (agility)
  2960 | D:4      | Reached skill level 1 in Staves
  2985 | D:4      | Reached XP level 7. HP: 48/48 MP: 8/8
  2985 | D:4      | Noticed Ijyb
  2997 | D:4      | Killed Ijyb
  2997 | D:4      | Reached skill level 1 in Crossbows
  2999 | D:4      | Noticed Natasha
  3012 | D:4      | Killed Natasha
  3043 | D:4      | XOM: mild Air miscast
  3068 | D:4      | Noticed Natasha
  3078 | D:4      | Killed Natasha
  3112 | D:4      | Found a shimmering blue altar of Sif Muna.
  3112 | D:4      | Found a shadowy altar of Dithmenos.
  3112 | D:4      | Found a snail-covered altar of Cheibriados.
  3112 | D:4      | Found an iron altar of Okawaru.
  3152 | D:4      | Found Faofam's General Store.
  3168 | D:4      | Got a shimmering short sword
  3179 | D:4      | Identified the +0 short sword of Trauma {freeze, rPois
                  | Str+4 Int+5} (You found it on level 4 of the Dungeon)
  3231 | D:4      | XOM: confuse monster(s)
  3234 | D:4      | XOM: cast spell 'Shadow Creatures'
  3399 | D:4      | XOM: 2-stop teleportation journey
  3455 | D:4      | Reached skill level 1 in Dodging
  3592 | D:4      | Bought a scroll of identify for 24 gold pieces
  3592 | D:4      | Bought a scroll of identify for 24 gold pieces
  3592 | D:4      | Bought a potion of flight for 36 gold pieces
  3592 | D:4      | Bought a wand of enslavement (9) for 132 gold pieces
  3618 | D:4      | XOM: harmless Conj miscast
  3630 | D:4      | XOM: give mutations
  3630 | D:4      | Gained mutation: You evolve. [Xom's grace]
  3630 | D:4      | Gained mutation: You are very robust. (+20% HP) [Xom's
                  | grace]
  3630 | D:4      | Gained mutation: Your spells are a little harder to cast,
                  | but a little more powerful. [Xom's grace]
  3630 | D:4      | Gained mutation: You have large cloven feet. [Xom's grace]
  3718 | D:4      | XOM: harmless Air miscast
  3795 | D:5      | Entered Level 5 of the Dungeon
  3814 | D:5      | Noticed a fire bat
  3814 | D:5      | an ogre changed into a fire bat
  3814 | D:5      | XOM: polymorph ogre -> fire bat
  3824 | D:5      | Killed a fire bat
  3824 | D:5      | Reached skill level 1 in Maces & Flails
  3824 | D:5      | Reached XP level 8. HP: 41/61 MP: 9/9
  3830 | D:5      | Lost mutation: You are partially covered in yellow scales.
                  | (AC +2) [potion of mutation]
  3830 | D:5      | Lost mutation: You have large cloven feet. [potion of
                  | mutation]
  3830 | D:5      | Gained mutation: Your skin changes colour to match your
                  | surroundings (Stealth+). [potion of mutation]
  3830 | D:5      | Gained mutation: You are extremely robust. (+30% HP)
                  | [potion of mutation]
  3830 | D:5      | Gained mutation: You have sharp toenails. [potion of
                  | mutation]
  3831 | D:5      | Lost mutation: You evolve. [potion of mutation]
  3831 | D:5      | Lost mutation: You are extremely robust. (+30% HP) [potion
                  | of mutation]
  3831 | D:5      | Gained mutation: Your body sometimes deteriorates upon
                  | taking damage. [potion of mutation]
  3831 | D:5      | Lost mutation: Your body sometimes deteriorates upon taking
                  | damage. [potion of mutation]
  3831 | D:5      | Gained mutation: You are extremely robust. (+30% HP)
                  | [potion of mutation]
  3951 | D:5      | Reached skill level 6 in Fighting
  3957 | D:5      | Found a glowing drain.
  3969 | Sewer    | Entered a sewer
  4027 | Sewer    | XOM: scenery: create altars
  4534 | Sewer    | XOM: give mutations
  4534 | Sewer    | Gained mutation: You have a pair of small horns on your
                  | head. [Xom's grace]
  4534 | Sewer    | Gained mutation: Your mind is acute. (Int +2) [Xom's grace]
  4534 | Sewer    | Gained mutation: Your mind is very acute. (Int +4) [Xom's
                  | grace]
  4534 | Sewer    | Gained mutation: You have very sharp teeth. [Xom's grace]
  4613 | Sewer    | XOM: god gift: 34 gold pieces
  4724 | D:5      | XOM: 1-stop teleportation journey
  4762 | D:5      | XOM: cleaving
  4910 | D:5      | XOM: cast spell 'Shadow Creatures'
  4933 | D:5      | Reached skill level 5 in Armour
  5264 | D:5      | Found a hazy altar of Hepliaklqana.
  5294 | D:5      | Found Plog's Food Shoppe.
  5303 | D:5      | Bought a ration for 55 gold pieces
  5303 | D:5      | Bought a ration for 55 gold pieces
  5303 | D:5      | Bought a ration for 55 gold pieces
  5303 | D:5      | Bought a ration for 55 gold pieces
  5303 | D:5      | Bought a ration for 55 gold pieces
  5337 | D:5      | Noticed Blork the orc
  5348 | D:5      | Killed Blork the orc
  5371 | D:5      | Got a transparent leather armour
  5509 | D:5      | XOM: blink monster(s)
  5513 | D:5      | Reached XP level 9. HP: 66/72 MP: 11/11
  5561 | D:5      | Found a staircase to the Ecumenical Temple.
  5642 | D:6      | Identified the +1 leather armour "Imuakkurph" {-Cast rC++
                  | MR+ Dex+3} (You found it on level 5 of the Dungeon)
  5694 | D:6      | XOM: confuse monster(s)
  5702 | D:6      | XOM: cast spell 'Discord'
  5724 | D:6      | Reached skill level 7 in Fighting
  5975 | D:6      | XOM: fog
  6013 | D:6      | XOM: god gift: scroll of enchant armour
  6297 | D:7      | XOM: smoke on damage
  6316 | D:7      | Noticed Harold
  6368 | D:7      | Reached skill level 5 in Axes
  6409 | D:7      | Noticed Harold
  6409 | D:7      | Harold changed into Harold the redback
  6409 | D:7      | XOM: polymorph Harold -> Harold the redback
  6419 | D:7      | Killed Harold the redback
  6429 | D:7      | XOM: cleaving
  6434 | D:7      | Noticed Duvessa
  6435 | D:7      | Noticed Dowan
  6440 | D:7      | XOM: summons friendly crimson imp
  6445 | D:7      | XOM: enchant monster (good)
  6463 | D:7      | Killed Duvessa
  6501 | D:7      | Killed Dowan
  6665 | D:7      | Noticed Prince Ribbit
  6670 | D:7      | XOM: fake destruction
  6672 | D:7      | Killed Prince Ribbit
  6672 | D:7      | XOM: divine lightning
  6701 | D:7      | Found Puewipi's Magic Scroll Shoppe.
  6739 | D:7      | Bought a scroll of identify for 30 gold pieces
  6739 | D:7      | Bought a scroll of identify for 30 gold pieces
  6801 | D:7      | Noticed Menkaure
  6828 | D:7      | Killed Menkaure
  6828 | D:7      | Reached XP level 10. HP: 83/83 MP: 12/12
  6931 | D:7      | Reached skill level 8 in Fighting
  7000 | D:7      | Killed an unseen horror
  7000 | D:7      | Reached skill level 5 in Maces & Flails
  7518 | D:8      | XOM: give mutations
  7518 | D:8      | Gained mutation: You passively map a small area around you.
                  | [Xom's grace]
  7518 | D:8      | Gained mutation: You have a pair of horns on your head.
                  | [Xom's grace]
  7518 | D:8      | Gained mutation: You possess an exceptional clarity of
                  | mind. [Xom's grace]
  7518 | D:8      | Gained mutation: Your flesh is heat resistant. (rF+) [Xom's
                  | grace]
  7599 | D:8      | XOM: polymorph jelly -> killer bee
  7826 | D:9      | XOM: divine lightning
  7839 | D:9      | XOM: give mutations
  7839 | D:9      | Gained mutation: You expend magic power (3 MP) to
                  | strengthen your wands. [Xom's grace]
  7839 | D:9      | Gained mutation: You are resistant to hostile enchantments.
                  | (MR+) [Xom's grace]
  7839 | D:9      | Gained mutation: You have a pair of large horns on your
                  | head. [Xom's grace]
  7907 | D:9      | Reached skill level 9 in Fighting
  7970 | D:9      | XOM: summons 5 friendly demons
  8157 | D:9      | Reached XP level 11. HP: 92/92 MP: 14/14
  8484 | D:9      | XOM: mild Ice miscast
  8541 | D:10     | Entered Level 10 of the Dungeon
  8573 | D:10     | XOM: destruction
  8616 | D:10     | XOM: scenery: create altars
  8621 | D:10     | XOM: destruction
  8628 | D:10     | XOM: polymorph yak -> golden eye
  8640 | D:10     | XOM: scenery: create altars
  8641 | D:10     | Reached skill level 5 in Staves
  8793 | D:10     | XOM: cloud trail
  8804 | D:10     | XOM: mild Hex miscast
  8826 | D:10     | XOM: 2-stop teleportation journey
  8912 | D:10     | Noticed a centaur warrior
  8921 | D:10     | XOM: scenery: create altars
  8921 | D:10     | Killed a centaur warrior
  8926 | D:10     | XOM: fog
  8927 | D:10     | Killed a centaur warrior
  9264 | D:10     | Found a staircase to the Lair.
  9280 | Lair:1   | Entered Level 1 of the Lair of Beasts
  9298 | D:10     | XOM: polymorph water moccasin -> scorpion
  9302 | D:10     | Reached skill level 5 in Throwing
  9323 | Lair:1   | Reached skill level 5 in Evocations
  9418 | Lair:1   | XOM: 3-stop teleportation journey
  9479 | Lair:2   | Noticed a harpy
  9479 | Lair:2   | a wyvern changed into a harpy
  9479 | Lair:2   | XOM: polymorph wyvern -> harpy
  9485 | Lair:2   | Killed a harpy
  9495 | Lair:2   | Reached skill level 10 in Fighting
  9764 | Lair:2   | Reached XP level 12. HP: 93/100 MP: 10/15
  9889 | Lair:3   | You fall into a shaft and drop 1 floor!
  9890 | Lair:4   | Found a hole to the Spider Nest.
  9899 | Lair:4   | XOM: swap monsters
  9912 | Lair:4   | Reached skill level 1 in Long Blades
  9921 | Lair:4   | XOM: cleaving
  9937 | Lair:4   | XOM: fake destruction
  9985 | Lair:4   | Noticed a seven-headed hydra
  9991 | Lair:4   | Killed a seven-headed hydra
 10124 | Lair:4   | XOM: 3-stop teleportation journey
 10391 | Lair:4   | XOM: scenery: 1 doors open
 10399 | Lair:4   | XOM: smoke on damage
 10405 | Lair:4   | XOM: 1-stop teleportation journey
 10517 | Lair:4   | Reached skill level 5 in Dodging
 10555 | Lair:4   | Found a staircase to the Shoals.
 10704 | Lair:4   | Noticed Urug
 10717 | Lair:4   | Killed Urug
 10779 | Lair:4   | XOM: god gift: glowing steel amulet {god gift}
 10919 | Lair:5   | XOM: smoke on damage
 10932 | Lair:5   | Noticed a five-headed hydra
 10932 | Lair:5   | XOM: summons 7 friendly demons
 10938 | Lair:5   | Killed a five-headed hydra
 11102 | Lair:5   | Noticed a seven-headed hydra
 11111 | Lair:5   | Killed a seven-headed hydra
 11125 | Lair:5   | Reached skill level 11 in Fighting
 11130 | Lair:5   | XOM: fake destruction
 11148 | Lair:5   | XOM: fog
 11182 | Lair:5   | Noticed an eight-headed hydra
 11191 | Lair:5   | Killed an eight-headed hydra
 11309 | Lair:5   | XOM: scenery: create altars
 11680 | Lair:6   | Entered Level 6 of the Lair of Beasts
 11694 | Lair:6   | XOM: potion effect (agility)
 11699 | Lair:6   | Reached XP level 13. HP: 109/109 MP: 17/17
 11699 | Lair:6   | XOM: enchant monster (good)
 11705 | Lair:6   | XOM: potion effect (invisibility)
 11708 | Lair:6   | XOM: harmless Pois miscast
 11709 | Lair:6   | XOM: divination: magic mapping
 11712 | Lair:6   | XOM: scenery: create altars
 11754 | Lair:6   | XOM: noise
 11767 | Lair:6   | XOM: enchant monster (good)
 11814 | Lair:6   | XOM: medium Tloc miscast
 11836 | Lair:6   | XOM: summons 2 hostile shadow creatures
 11895 | Lair:6   | XOM: severe Ice miscast
 12132 | Lair:6   | XOM: mild Erth miscast
 12173 | Lair:6   | Noticed an emperor scorpion
 12173 | Lair:6   | a merfolk avatar changed into an emperor scorpion
 12173 | Lair:6   | XOM: polymorph merfolk avatar -> emperor scorpion
 12197 | Lair:6   | XOM: enchant monster (good)
 12203 | Lair:6   | XOM: scenery: create altars
 12299 | Lair:6   | Found a staircase to the Slime Pits.
 12300 | Lair:6   | Found a viscous altar of Jiyva.
 12401 | Lair:6   | XOM: enchant monster (good)
 12407 | Lair:6   | XOM: polymorph crocodile -> shapeshifter
 12418 | Lair:6   | XOM: 1-stop teleportation journey
 12475 | Lair:6   | Fell from the grace of Xom
 12478 | Lair:6   | Became a worshipper of Jiyva Jadocluh the Shapeless
 12591 | Lair:6   | Got a spiked leather armour
 12599 | Lair:6   | Got an encrusted hand crossbow
 12603 | Lair:6   | Got a scintillating lead ring
 12659 | Lair:6   | XOM: polymorph elephant -> swamp worm
 12970 | D:11     | Reached skill level 5 in Long Blades
 12977 | D:11     | Identified the cursed +2 hand crossbow of Ozir {elec, rElec
                  | rPois Str+8 Int-3} (You found it on level 6 of the Lair of
                  | Beasts)
 12978 | D:11     | Identified the ring "Okhyur Coreg" {MR+ Stlth+} (You found
                  | it on level 6 of the Lair of Beasts)
 13044 | D:11     | Reached * piety under Jiyva
 13077 | D:10     | Reached ** piety under Jiyva
 13126 | D:11     | Reached *** piety under Jiyva
 13128 | D:11     | Gained mutation: Your muscles are very strong. (Str +4)
                  | [Jiyva's grace]
 13132 | D:11     | XOM: silly message
 13148 | D:11     | Reached **** piety under Jiyva
 13187 | D:11     | Got a heavily runed chain mail
 13188 | D:11     | Identified the +7 chain mail "Rosedowu" {rC+ rCorr} (You
                  | found it on level 11 of the Dungeon)
 13197 | D:11     | Lost mutation: Your spells are a little harder to cast, but
                  | a little more powerful. [Jiyva's grace]
 13197 | D:11     | Reached ***** piety under Jiyva
 13278 | D:11     | Found Nuzischoa's Antique Armour Shoppe.
 13286 | D:11     | Bought a pair of smoking gloves for 370 gold pieces
 13296 | D:11     | Identified the cursed +0 pair of gloves "Wehiam" {Str+6}
                  | (You bought it in a shop on level 11 of the Dungeon)
 13301 | D:11     | Lost mutation: Your muscles are very strong. (Str +4)
                  | [Jiyva's grace]
 13310 | D:11     | Found a gate leading to a gauntlet.
 13549 | D:12     | Gained mutation: Armour fits poorly on your pseudopods.
                  | [Jiyva's grace]
 13650 | D:12     | Reached ****** piety under Jiyva
 13679 | D:12     | Lost mutation: Your muscles are strong. (Str +2) [Jiyva's
                  | grace]
 13804 | D:12     | Found a staircase to the Orcish Mines.
 13893 | D:12     | Reached skill level 12 in Fighting
 13930 | D:12     | Found a large runed translucent door.
 13935 | D:12     | Found a large runed translucent door.
 14008 | D:12     | Gained mutation: Your muscles are strong. (Str +2) [Jiyva's
                  | grace]
 14173 | D:12     | XOM: give mutations
 14173 | D:12     | Lost mutation: You have a pair of large horns on your head.
                  | [Xom's mischief]
 14173 | D:12     | Lost mutation: Your flesh is heat resistant. (rF+) [Xom's
                  | mischief]
 14173 | D:12     | Lost mutation: You possess an exceptional clarity of mind.
                  | [Xom's mischief]
 14173 | D:12     | Lost mutation: Armour fits poorly on your pseudopods.
                  | [Xom's mischief]
 14372 | D:12     | Gained mutation: Your large and strong wings let you fly
                  | indefinitely. [Gargoyle growth]
 14372 | D:12     | Reached XP level 14. HP: 119/119 MP: 15/19
 14376 | D:12     | Found a blossoming altar of Fedhas.
 14379 | D:12     | Found a snail-covered altar of Cheibriados.
 14384 | D:12     | XOM: mild Summ miscast
 14442 | D:13     | Lost mutation: Your muscles are strong. (Str +2) [Jiyva's
                  | grace]
 14693 | D:13     | Gained mutation: Armour fits poorly on your pseudopods.
                  | [Jiyva's grace]
 14740 | D:13     | Found a gate to the Vaults.
 14882 | D:13     | Noticed an acid blob
 14882 | D:13     | an eight-headed hydra changed into an acid blob
 15360 | D:13     | Lost mutation: You have sharp toenails. [Jiyva's grace]
 15559 | D:14     | XOM: give mutations
 15559 | D:14     | Lost mutation: You are resistant to hostile enchantments.
                  | (MR+) [Xom's mischief]
 15559 | D:14     | Lost mutation: You are extremely robust. (+30% HP) [Xom's
                  | mischief]
 15670 | D:14     | Noticed an acid blob
 15670 | D:14     | an ogre mage changed into an acid blob
 15917 | D:15     | Entered Level 15 of the Dungeon
 16049 | D:14     | Lost mutation: You are very robust. (+20% HP) [Jiyva's
                  | grace]
 16079 | D:15     | XOM: summons 4 hostile shadow creatures
 16214 | D:14     | Reached skill level 10 in Armour
 16232 | D:14     | XOM: polymorph jelly -> gnoll
 16462 | D:15     | Noticed an acid blob
 16462 | D:15     | a four-headed hydra changed into an acid blob
 16537 | D:15     | Lost mutation: You have a pair of horns on your head.
                  | [Jiyva's grace]
 16597 | D:15     | Noticed a dire elephant
 16598 | D:15     | Found a staircase to the Depths.
 16718 | D:15     | Killed a dire elephant
 17110 | D:12     | XOM: mild Hex miscast
 17119 | Orc:1    | Entered Level 1 of the Orcish Mines
 17155 | Orc:1    | Found a frozen archway.
 17161 | Orc:1    | XOM: noise
 17227 | Orc:1    | Lost mutation: Armour fits poorly on your pseudopods.
                  | [Jiyva's grace]
 17321 | Orc:1    | Found a runed translucent door.
 17322 | Orc:1    | Noticed Necsenou's ghost (journeyman GnWn)
 17358 | Orc:2    | XOM: noise
 17358 | Orc:2    | Entered Level 2 of the Orcish Mines
 17358 | Orc:2    | Found a staircase to the Elven Halls.
 17412 | Orc:2    | Noticed an orc warlord
 17413 | Orc:2    | Gained mutation: Your flesh is heat resistant. (rF+)
                  | [Jiyva's grace]
 17438 | Orc:1    | Killed an orc warlord
 17549 | Orc:1    | XOM: give mutations
 17549 | Orc:1    | Lost mutation: Your mind is very acute. (Int +4) [Xom's
                  | mischief]
 17549 | Orc:1    | Lost mutation: You have a pair of small horns on your head.
                  | [Xom's mischief]
 17549 | Orc:1    | Gained mutation: Your body sometimes deteriorates upon
                  | taking damage. [Xom's mischief]
 17691 | Orc:1    | Lost mutation: You passively map a small area around you.
                  | [Jiyva's grace]
 17777 | Orc:2    | Noticed a stone giant
 17792 | Orc:2    | Killed a stone giant
 17792 | Orc:2    | Reached skill level 13 in Fighting
 17818 | Orc:2    | Lost mutation: Your body sometimes deteriorates upon taking
                  | damage. [Jiyva's grace]
 17826 | Orc:2    | Found Nennifir's Food Shoppe.
 17828 | Orc:2    | XOM: enchant monster (bad)
 17865 | Orc:2    | Noticed Saint Roka
 17896 | Orc:2    | Noticed a stone giant
 17903 | Orc:2    | HP: 5/103 [troll (8)]
 17904 | Orc:2    | Killed from afar by an orc priest

Levels and vault maps discovered:
D:1:      dpeg_arrival_concentric_ovals, layout_basic, minmay_misc_feat_encased,
          minmay_bisected
D:2:      layout_basic, fedhas_ov_isle_minmay, chequers_ecumenical_altar_island,
          uniq_robin
D:3:      layout_basic, first_ration, nicolae_qazlal_general_emergency,
          uniq_crazy_yiuf_cottage
D:4:      cheibrodos_greedy_goblins, layout_loops_ring, bloody_trog,
          grunt_temple_overflow_cloverleaf, serial_shops, shop, uniq_natasha,
          uniq_ijyb
D:5:      kennysheep_spiral_hall, layout_loops_ring, kennysheep_little_box,
          temple_green, gup_sewer_entry_bubbles, serial_shops,
          kennysheep_mini_moat, minmay_quadrilaterals, uniq_blork_the_orc
D:6:      layout_cave_pools
D:7:      cheibrodos_barr_body, layout_basic, serial_shops,
          nicolae_shop_window_shopping, minmay_misc_feat_more_columns,
          grunt_ogre_cave, chequers_serial_rivers_small_3, uniq_prince_ribbit1,
          uniq_harold, uniq_duvessa, uniq_menkaure
D:8:      layout_rooms
D:9:      layout_stronghold
D:10:     layout_cave_pools, grunt_lair_entry_orc_guard_hut, serial_bayou_pond_d
D:11:     layout_rooms, serial_shops, shop, gauntlet_entry_generic
D:12:     layout_stronghold, orc_0_dummy, minmay_misc_feat_iff,
          jmf_multi_god_temple2
D:13:     layout_basic, erik_vaults_1
D:14:     layout_rooms, hangedman_decor_opposing, minivault_20
D:15:     hangedman_depths_entry_try_elsewhere_first, layout_layer_cave,
          eino_small_chamber_without_monster
Lair:1:   layout_chaotic_city
Lair:2:   layout_cave_shapes, minmay_lindwurm_lava
Lair:3:   layout_regular_city
Lair:4:   layout_regular_city, minmay_shoals_entry_lonely_mermaid,
          spider_nest_entry_web_field, chequers_serial_rivers_small_3, uniq_urug
Lair:5:   layout_layer_cave
Lair:6:   gammafunk_lair_ancient_temple, layout_regular_city, slime_altar_1,
          wad_woods_antlair
Orc:1:    layout_caves, ebering_ghost_reflecting_pool,
          portal_ice_cave_entry_pillars_2
Orc:2:    st_orc_congregation, layout_caves, serial_shops, shop, uniq_saint_roka

Skill      XL: |  1  2  3  4  5  6  7  8  9 10 11 12 13 14 |
---------------+-------------------------------------------+-----
Armour         | 3 4 5 6 7 8 9 10 | 10.5
Axes           | 3 4 5 6 |  6.4
Fighting       | 4 5 6 7 9 10 11 12 13 | 13.0
Throwing       | 1 2 3 4 5 6 7 |  7.0
Evocations     | 1 2 3 4 5 6 7 8 |  8.1
Staves         | 1 2 3 4 5 7 8 9 |  9.6
Crossbows      | 2 3 4 |  4.6
Dodging        | 1 2 3 4 5 6 |  6.6
Maces & Flails | 1 2 4 6 7 |  7.4
Long Blades    | 3 5 6 |  6.7
Bows           | |  0.8

Action                   |  1- 3 |  4- 6 |  7- 9 | 10-12 | 13-15 || total
-------------------------+-------+-------+-------+-------+-------++-------
Melee: Hand axe          |    83 |    79 |       |       |       ||   162
       War axe           |       |    40 |    56 |       |    11 ||   107
       Flail             |       |       |   321 |       |    24 ||   345
       Short sword       |       |       |    19 |       |       ||    19
       Kick              |       |       |    61 |   127 |    37 ||   225
       Headbutt          |       |       |    28 |    97 |   208 ||   333
       Bite              |       |       |    26 |    36 |   124 ||   186
       Quarterstaff      |       |       |    19 |   491 |   596 ||  1106
       Triple sword      |       |       |       |       |    94 ||    94
       Great sword       |       |       |       |       |    76 ||    76
       Pseudopods        |       |       |       |       |    85 ||    85
 Fire: Hand crossbow     |       |       |       |       |    37 ||    37
Throw: Dart              |       |    64 |   123 |    59 |    41 ||   287
       Javelin           |       |       |       |     8 |    10 ||    18
       Throwing net      |       |       |       |       |     5 ||     5
Invok: Slimify           |       |       |       |       |     5 ||     5
       Renounce Religion |       |       |       |       |     1 ||     1
       Request Jelly     |       |       |       |       |     2 ||     2
Evoke: Wand              |       |     3 |    17 |    15 |     8 ||    43
       Lamp of fire      |       |       |       |     1 |     2 ||     3
  Use: Potion            |     5 |     4 |     6 |     2 |    16 ||    33
       Scroll            |     2 |     6 |    13 |     8 |    21 ||    50
 Stab: Paralysed         |     1 |       |     3 |    13 |    11 ||    28
       Invisible         |       |     1 |       |       |    14 ||    15
       Betrayed ally     |       |       |     2 |       |       ||     2
       Sleeping          |       |       |     1 |     3 |       ||     4
       Distracted        |       |       |       |     2 |     1 ||     3
       Petrifying        |       |       |       |       |     2 ||     2
       Petrified         |       |       |       |       |     8 ||     8
  Eat: Chunk             |     1 |     1 |     1 |       |       ||     3
       Ration            |       |     3 |     2 |     9 |     2 ||    16
Armor: Ring mail         |    61 |    60 |   236 |   315 |   182 ||   854
       Leather armour    |     1 |       |       |       |       ||     1
       Chain mail        |       |       |       |       |   371 ||   371
Dodge: Dodged            |    82 |    65 |   226 |   263 |   721 ||  1357
Block: Other             |       |       |    22 |    45 |       ||    67
       Reflection        |       |       |     1 |       |       ||     1
       Rpst.: Triple sword |       |       |       |       |    42 ||    42
       Great sword       |       |       |       |       |    19 ||    19
